 Dungeon Crawl Stone Soup version 0.31-a0-210-gccc998df9b (webtiles) character file.

Game seed: 15219189674863277176

72 qw the Shooter (level 4, -1/26 HPs)
             Began as a Gargoyle Hexslinger on June 29, 2023.
             Slain by an ogre
             ... wielding a +0 giant club
              (21 damage)
             ... on level 3 of the Dungeon.
             The game lasted 00:00:46 (2010 turns).

qw the Shooter (Gargoyle Hexslinger)                Turns: 2010, Time: 00:00:47

Health: -1/26      AC:  9    Str: 12    XL:     4   Next: 26%
Magic:  5/5        EV: 10    Int: 13    God:
Gold:   130        SH:  5    Dex: 14    Spells: 4/5 levels left

rFire   . . .        Y - +1 sling
rCold   . . .        (no shield)
rNeg    + . .        j - +0 ring mail
rPois   inf          (no helmet)
rElec   +            f - +0 cloak
rCorr   +            (no gloves)
SInv    .            (no boots)
Will    .....        d - amulet of reflection
Stlth   +            h - ring of resist corrosion
HPRegen 0.24/turn    (no ring)
MPRegen 0.09/turn

%: reflection
@: no status effects
A: sickness immunity, AC +3, negative energy resistance 1, electricity
resistance, torment resistance 1, petrification resistance
a: no special abilities


You were on level 3 of the Dungeon.
You visited 1 branch of the dungeon, and saw 3 of its levels.

You collected 130 gold pieces.


Innate Abilities, Weirdness & Mutations

You are immune to sickness and miasma.
Your stone body is resilient. (AC +3)
You are immune to poison.
You resist negative energy. (rN+)
You are resistant to electric shocks. (rElec)
You are resistant to unholy torment.
You are immune to petrification.


   Skills:
 - Level 2.0 Fighting
 + Level 3.9 Ranged Weapons
 - Level 1.0 Armour
 - Level 1.5 Dodging
 - Level 1.0 Spellcasting
 - Level 2.6 Hexes


You had 4 spell levels left.
You knew the following spells:

 Your Spells              Type           Power      Damage    Failure   Level
a - Slow                  Hex            28%        N/A       22%         1

Your spell library contained the following spells:

 Spells                   Type           Power      Damage    Failure   Level
 Inner Flame              Hex/Fire       4%         N/A       73%         3
 Portal Projectile        Hex/Tloc       8%         N/A       73%         3
 Cause Fear               Hex            3%         N/A       91%         4

Inventory:

Hand Weapons
 Y - a +1 sling (weapon)
Armour
 f - a +0 cloak (worn)
 j - a +0 ring mail (worn)
Jewellery
 d - an amulet of reflection (around neck)
 h - a ring of resist corrosion (left hand)
Scrolls
 b - 2 scrolls of identify
 c - a scroll of blinking {unknown}
Potions
 a - a potion of resistance {unknown}
 e - a potion of berserk rage {unknown}

Dungeon Overview and Level Annotations

Branches:
Dungeon (3/15)

Altars:
Hepliaklqana


Message History

The goblin wields a +0 heavy sling.
The goblin shoots a sling bullet.
The sling bullet closely misses you.
Found 11 large rocks.
Enter note:
Enter note:
Enter note:
Enter note:
Enter note:
Enter note:
Enter note:
Enter note:
Enter note:
Enter note:
Enter note:
Enter note: You shoot a sling bullet.
The sling bullet hits the goblin.
The goblin is moderately wounded.
You shoot a sling bullet. The sling bullet hits the goblin.
You kill the goblin!
The goblin unwields a +0 dagger.
The goblin wields a +0 sling.
The goblin shoots a sling bullet.
The sling bullet hits you but does no damage.
The goblin shoots a sling bullet.
The sling bullet hits you!
You shoot a sling bullet.
The sling bullet barely misses the goblin.
You block the goblin's attack. The goblin hits you but does no damage.
You shoot a sling bullet. The sling bullet hits the goblin.
You kill the goblin!
The goblin hits you but does no damage.
The goblin unwields a +0 heavy sling.
The goblin wields a +1 dagger of draining.
You sense an unholy aura.
The goblin hits you but does no damage.
You shoot a sling bullet. The sling bullet hits the goblin.
You kill the goblin!
You block the goblin's attack.
You shoot a sling bullet. The sling bullet hits the goblin.
The goblin is severely wounded.
The goblin hits you but does no damage. x2; You block the goblin's attack.
The ogre hits you with a +0 giant club!!
Ouch! That really hurt!
You die...

### ###########
#..g#g...(....#######
#.(gO@.......)......##
#(.g#g..............#.
### #...............#.
#######...........
#..........#
#.........##
#.........#
#.........#
###.........##


You could see an ogre and 5 goblins.

Vanquished Creatures
  An adder (D:3)
  A worm (D:3)
  An orc (D:3)
  3 giant cockroaches
  9 goblins
  6 hobgoblins
  8 jackals
  A quokka (D:2)
  5 ball pythons
  7 bats
  4 frilled lizards (D:2)
  4 kobolds
  3 rats
53 creatures vanquished.

Notes
Turn   | Place    | Note
-------+----------+-------------------------------------------
     0 | D:1      | qw the Gargoyle Hexslinger began the quest for the Orb.
     0 | D:1      | Reached XP level 1. HP: 12/12 MP: 2/2
     0 | D:1      | 0 ||| qw: Version: 0.3-a-24-ga2abf7b
     0 | D:1      | 0 ||| qw: Game counter: 6978
     0 | D:1      | 0 ||| qw: Melee chars always use a shield: true
     0 | D:1      | 0 ||| qw: God list: Okawaru
     0 | D:1      | 0 ||| qw: Allow faded altars: false
     0 | D:1      | 0 ||| qw: Do Orc after clearing Dungeon:15 true
     0 | D:1      | 0 ||| qw: Do second Lair branch before Depths: true
     0 | D:1      | 0 ||| qw: Lair rune preference: random
     0 | D:1      | 0 ||| qw: Goals: Normal
     0 | D:1      | 0 ||| PLANNING D:1-11
    63 | D:1      | Found a faded altar of an unknown god.
   520 | D:1      | 520 ||| UPGRADING to +0 cloak.
   525 | D:1      | 525 ||| UPGRADING to amulet of reflection.
   530 | D:1      | 530 ||| UPGRADING to ring of resist corrosion.
   531 | D:1      | 531 ||| READING scroll labelled GOFEFU VAXZACK.
   532 | D:1      | 532 ||| DROPPING scroll of poison.
   567 | D:2      | Reached XP level 2. HP: 16/16 MP: 3/3
   608 | D:2      | Reached skill level 3 in Ranged Weapons
   609 | D:2      | HP: 4/16 [bat (1)]
   802 | D:2      | Reached XP level 3. HP: 21/21 MP: 4/4
  1335 | D:2      | 1335 ||| UPGRADING to +0 leather armour.
  1345 | D:2      | 1345 ||| DROPPING +0 robe.
  1346 | D:2      | 1346 ||| UPGRADING to +0 ring mail.
  1356 | D:2      | 1356 ||| DROPPING +0 leather armour.
  1357 | D:2      | 1357 ||| READING scroll labelled FEN PUWASAIKKO.
  1481 | D:2      | 1481 ||| READING scroll labelled SEBATI BACINNY.
  1482 | D:2      | 1482 ||| READING 3 scrolls of identify.
  1482 | D:2      | 1482 ||| IDENTIFYING sedimented sapphire potion
  1483 | D:2      | 1483 ||| DROPPING potion of magic.
  1553 | D:3      | Reached skill level 1 in Armour
  1581 | D:3      | Found a hazy altar of Hepliaklqana.
  1715 | D:3      | Reached XP level 4. HP: 26/26 MP: 5/5
  2004 | D:3      | Noticed an ogre
  2010 | D:3      | Slain by an ogre

Levels and vault maps discovered:
D:1:      minmay_arrival_checkered_box, layout_basic,
          shapermc_ecumenical_altar_mp_ritualfount
D:2:      layout_loops_ring
D:3:      layout_basic, nicolae_hepliaklqana_hippocampus, minmay_ogre_servants

Skill      XL: |  1  2  3 |
---------------+----------+-----
Ranged Weapons | 3 |  3.9
Fighting       | 2 |  2.0
Armour         | 1 |  1.0
Dodging        | |  1.5
Spellcasting   | |  1.0
Hexes          | |  2.6

Action                     |  1- 3 |  4- 6 || total
---------------------------+-------+-------++-------
   Fire: Sling             |   166 |    29 ||   195
    Use: Scroll            |     4 |       ||     4
 Armour: Robe              |    22 |       ||    22
         Ring mail         |    12 |     6 ||    18
  Dodge: Dodged            |    57 |     4 ||    61
  Block: Other             |    24 |     3 ||    27

Table legend:
 A = Non-vault XP
 B = Vault XP
 C = Vault XP percentage of total XP
 D = Non-vault monster count
 E = Vault monster count
 F = Vault count percentage of total count
                 A         B        C        D         E       F
            +---------+---------+-------+---------+---------+-------
      Total |      98 |       6 |   5.8 |      50 |       3 |   5.7
            +---------+---------+-------+---------+---------+-------
        D:1 |       9 |       0 |   0.0 |       6 |       0 |   0.0
        D:2 |      43 |       0 |   0.0 |      27 |       0 |   0.0
        D:3 |      46 |       6 |  11.5 |      17 |       3 |  15.0
            +---------+---------+-------+---------+---------+-------
